 Dungeon Crawl Stone Soup version 0.28-a0-998-gb9e9c7b67e (webtiles) character file.

Game seed: 11271019852304816472

1342 Alado the Conjurer (level 8, -4/56 HPs)
             Began as a Red Draconian Conjurer on Dec 6, 2021.
             Was a Follower of Hepliaklqana.
             Slain by a wyvern (14 damage)
             ... on level 6 of the Dungeon.
             The game lasted 00:41:33 (6399 turns).

Alado the Conjurer (Red Draconian Conjurer)         Turns: 6399, Time: 00:41:34

Health: -4/56      AC:  6    Str: 11    XL:     8   Next: 35%
Magic:  7/15       EV: 12    Int: 20    God:    Hepliaklqana [*.....]
Gold:   227        SH:  0    Dex:  9    Spells: 7/17 levels left

rFire   + . .      SeeInvis .   c - +1 quarterstaff (spect)
rCold   . . .      Faith    .   (shield currently unavailable)
rNeg    . . .      Spirit   .   (armour unavailable)
rPois   .          Reflect  .   (helmet currently unavailable)
rElec   .          Harm     .   (no cloak)
rCorr   .          Rampage  .   (no gloves)
Will    .....                   (boots currently unavailable)
Stlth   ++........              (no amulet)
HPRegen 0.18/turn               (no ring)
MPRegen 0.14/turn               (no ring)

@: appendages (expiring)
A: horns 2, talons 2, reduced essence, breathe fire, AC +6, unfitting armour,
fire resistance 1, cold-blooded, screaming 1
a: Breathe Fire, End Transformation, Renounce Religion, Recall Ancestor,
Ancestor Identity


You were on level 6 of the Dungeon.
You worshipped Hepliaklqana.
Hepliaklqana was aware of your devotion.
You had temporarily grown beastly horns and talons.
You visited 2 branches of the dungeon, and saw 7 of its levels.

You collected 227 gold pieces.

Inventory:

Hand Weapons
 c - a +1 spectral quarterstaff (weapon)
Missiles
 b - 4 boomerangs (quivered)
Jewellery
 f - an amulet of guardian spirit
Wands
 d - a wand of mindburst (17)
Scrolls
 a - 3 scrolls of amnesia
 e - 3 scrolls of identify
Potions
 g - a potion of berserk rage {unknown}


   Skills:
 + Level 3.2 Fighting
 + Level 0.6 Short Blades
 + Level 3.9 Staves
 + Level 0.4 Throwing
 + Level 3.2 Dodging
 + Level 2.9 Stealth
 + Level 5.1 Spellcasting
 + Level 6.7 Conjurations
 + Level 1.0 Transmutations
 + Level 0.2 Evocations


You had 7 spell levels left.
You knew the following spells:

 Your Spells              Type           Power      Damage    Failure   Level
a - Magic Dart            Conj           100%       1d8       1%          1
b - Searing Ray           Conj           62%        2d6       1%          2
c - Dazzling Flash        Conj/Hex       36%        N/A       9%          3
d - Beastly Appendage     Tmut           18%        N/A       8%          1
e - Spider Form           Tmut/Pois      7%         N/A       28%         3

Your spell library contained the following spells:

 Spells                   Type           Power      Damage    Failure   Level
 Wereblood                Tmut           9%         N/A       12%         2
 Corpse Rot               Necr/Air       10%        N/A       17%         2
 Fulminant Prism          Conj/Hex       9%         3d7       28%         4
 Iskenderun's Mystic Bla  Conj/Tloc      18%        2d6       28%         4
 Dispel Undead            Necr           5%         3d7       75%         4
 Agony                    Necr           5%         N/A       97%         5
 Silence                  Hex/Air        2%         N/A       97%         5
 Death Channel            Necr           2%         N/A       100%        6
 Borgnjor's Revivificati  Necr           2%         N/A       100%        8
 Necromutation            Tmut/Necr      3%         N/A       100%        8
 Death's Door             Necr           2%         N/A       100%        9


Dungeon Overview and Level Annotations

Branches:
Dungeon (6/15)             Temple (1/1) D:4

Altars:
Ashenzari
Dithmenos
Elyvilon
Gozag
Hepliaklqana
Makhleb
Okawaru
Ru
Sif Muna
Vehumet
Wu Jian
Xom
Yredelemnul
Zin

Shops:
D:1 *

Annotations:
D:3 2 runed translucent doors, Htamos's ghost, amateur DECj
D:6 1 runed translucent door


Innate Abilities, Weirdness & Mutations

You have temporarily grown beastly horns and talons.
Your life essence is reduced to manifest your ancestor. (-10% HP)
You can breathe blasts of fire.
Your fiery red scales are hard. (AC +6)
You cannot fit into any form of body armour.
Your flesh is heat resistant. (rF+)
You are cold-blooded and may be slowed by cold attacks.
You occasionally shout uncontrollably at your foes.


Message History

Confirm with . or Enter, or press ? or * to list all spells.
Aiming: Searing Ray (safe; 1% risk of failure)
Press: ? - help, Shift-Dir - straight line, f/p - wyvern
Aim: a wyvern (79% to hit)
The searing ray hits the wyvern.
The wyvern is moderately wounded. (Press . to maintain the ray.)
The wyvern barely misses you.
The searing ray hits the wyvern.
The wyvern is heavily wounded.
The wyvern barely misses you. The wyvern closely misses you.
The searing ray misses the wyvern.
The wyvern bites you but does no damage.
The searing ray misses the wyvern.
You finish channelling your searing ray.
The wyvern bites you but does no damage.
The wyvern bites you. The wyvern bites you.
Casting: Searing Ray (safe; 1% risk of failure)
Confirm with . or Enter, or press ? or * to list all spells.
Aiming: Searing Ray (safe; 1% risk of failure)
Press: ? - help, Shift-Dir - straight line, f/p - wyvern
Aim: a wyvern (moderately wounded, 79% to hit)
The searing ray hits the wyvern.
The wyvern is heavily wounded. (Press . to maintain the ray.)
The wyvern bites you! The wyvern completely misses you.
The searing ray hits the wyvern.
The wyvern is severely wounded.
The wyvern bites you!
* * * LOW HITPOINT WARNING * * *
Okay, then.
Okay, then.
The wyvern bites you.
* * * LOW HITPOINT WARNING * * *
The wyvern closely misses you.
Your transformation is almost over.
The wyvern bites you but does no damage.
The wyvern bites you!
You die...

.(......##########'##........
........#...[.......#........
#######.#.........#.#........
#########...........#.#........
........†####.#######..........
..............########.........
(................... #.........
.............###### #..##.######
.........####..l@.# #..##.##....
.........# #.###.# #...#.##.###
.........# #.#...# #.#.#.##'###
.........# #.#.###.##+#.†.......
........####))....)#............
...........)..#####............
........).# #.....>....##
....................#....##
##........###########....##


You could see a wyvern.

Vanquished Creatures
  3 necrophages
  A centaur (D:5)
  A phantom (D:5)
  2 bullfrogs
  3 scorpions
  A wyvern skeleton (D:6)
  A water moccasin skeleton (D:5)
  3 hounds
  2 orc priests
  2 iguanas
  Natasha (thrice) (D:2)
  An orc wizard (D:4)
  5 adders
  A shadow imp (D:5)
  An adder skeleton (D:4)
  A worm (D:2)
  2 dart slugs (D:1)
  7 orcs
  4 ball pythons
  7 endoplasms
  3 giant cockroaches
  8 goblins
  3 hobgoblins
  4 jackals
  8 kobolds
  9 quokkas
  5 bats
  6 frilled lizards
  5 rats
102 creatures vanquished.

Vanquished Creatures (collateral kills)
  A scorpion (D:5)
  An iguana (D:6)
  An ufetubus (D:6)
  An orc (D:6)
4 creatures vanquished.

Vanquished Creatures (others)
  4 ancestors
4 creatures vanquished.

Grand Total: 110 creatures vanquished

Notes
Turn   | Place    | Note
-------+----------+-------------------------------------------
     0 | D:1      | Alado the Draconian Conjurer began the quest for the Orb.
     0 | D:1      | Reached XP level 1. HP: 14/14 MP: 3/3
   103 | D:1      | Found Goyj's Assorted Antiques.
   306 | D:1      | Reached XP level 2. HP: 20/20 MP: 1/5
   309 | D:1      | Learned a level 2 spell: Searing Ray
   942 | D:1      | Reached XP level 3. HP: 22/26 MP: 0/6
  1072 | D:1      | Found a faded altar of an unknown god.
  1531 | D:2      | Noticed Natasha
  1541 | D:2      | Killed Natasha
  1600 | D:2      | Learned a level 3 spell: Dazzling Flash
  1660 | D:2      | Reached skill level 5 in Conjurations
  1664 | D:2      | Noticed Natasha
  1667 | D:2      | Killed Natasha
  1668 | D:2      | Reached XP level 4. HP: 33/33 MP: 2/7
  1823 | D:2      | Learned a level 1 spell: Beastly Appendage
  2135 | D:2      | Noticed Natasha
  2141 | D:2      | Killed Natasha
  2840 | D:3      | Found a large runed translucent door.
  2841 | D:3      | Found a large runed translucent door.
  2846 | D:3      | Noticed Htamos's ghost (amateur DECj)
  2915 | D:3      | Reached XP level 5. HP: 36/38 MP: 9/9
  2979 | D:3      | Gained mutation: You occasionally shout uncontrollably at
                  | your foes. [potion of mutation]
  3404 | D:3      | Found a shadowy altar of Dithmenos.
  3405 | D:3      | Found a hazy altar of Hepliaklqana.
  3407 | D:3      | Noticed a shadow
  3412 | D:3      | Became a worshipper of Hepliaklqana the Forgotten
  3886 | D:4      | Found a glowing drain.
  3970 | D:4      | Noticed a wyvern
  4255 | D:4      | Found a staircase to the Ecumenical Temple.
  4263 | Temple   | Entered the Ecumenical Temple
  4295 | D:4      | Reached skill level 1 in Fighting
  4452 | D:4      | Reached XP level 6. HP: 36/48 MP: 3/10
  4514 | D:4      | Learned a level 3 spell: Spider Form
  4703 | D:5      | Entered Level 5 of the Dungeon
  4746 | D:5      | Reached skill level 1 in Staves
  5026 | D:5      | Reached skill level 6 in Conjurations
  5210 | D:5      | Reached * piety under Hepliaklqana
  5226 | D:5      | Your scales start taking on a fiery red colour.
  5226 | D:5      | Reached XP level 7. HP: 10/49 MP: 6/12
  5226 | D:5      | Gained mutation: Your flesh is heat resistant. (rF+) [Red
                  | Draconian growth]
  5743 | D:5      | Reached skill level 1 in Transmutations
  5962 | D:5      | Reached XP level 8. HP: 50/55 MP: 12/15
  6144 | D:6      | Found a runed translucent gate.
  6165 | D:6      | Reached skill level 5 in Spellcasting
  6399 | D:6      | Slain by a wyvern

Illustrated notes

Levels and vault maps discovered:
D:1:      kilobyte_arrival_exit_the_forest, layout_basic,
          shapermc_ecumenical_altar_acropolis, serial_shops, shop,
          grunt_decor_arrowhead
D:2:      layout_loops_cross, kennysheep_generic_room_10, uniq_natasha
D:3:      minmay_evil_eye, layout_loops_corners,
          riverfiend_overflow_shadow_ancestor, ebering_ghost_disaster_area
D:4:      layout_basic, temple_statues, gup_sewer_entry_pipe
D:5:      layout_basic
D:6:      kennysheep_steamy, layout_basic, gammafunk_ghost_split,
          uniq_blork_the_orc
Temple:   nicolae_temple_x_marks_the_god

Skill      XL: |  1  2  3  4  5  6  7  8 |
---------------+-------------------------+-----
Dodging        | 2 3 |  3.2
Stealth        | 2 |  2.9
Conjurations   | 5 6 |  6.7
Fighting       | 1 2 3 |  3.2
Spellcasting   | 3 4 5 |  5.1
Staves         | 2 3 |  3.9
Transmutations | 1 |  1.0
Short Blades   | |  0.6
Throwing       | |  0.4
Evocations     | |  0.2

Action                   |  1- 3 |  4- 6 |  7- 9 || total
-------------------------+-------+-------+-------++-------
Melee: Dagger            |     9 |       |       ||     9
       Quarterstaff      |       |    45 |    29 ||    74
       Tailslap          |       |     1 |     1 ||     2
       Kick              |       |     1 |       ||     1
       Headbutt          |       |       |     1 ||     1
Throw: Boomerang         |       |       |    17 ||    17
 Cast: Magic Dart        |    46 |   102 |    31 ||   179
       Searing Ray       |     3 |     4 |     5 ||    12
       Beastly Appendage |       |     4 |     4 ||     8
Invok: Ancestor Identity |       |     1 |       ||     1
       Recall Ancestor   |       |       |     1 ||     1
Evoke: Wand              |       |     5 |       ||     5
  Use: Scroll            |     2 |     3 |     3 ||     8
       Potion            |       |     5 |     1 ||     6
Armor: Skin              |     5 |    17 |    22 ||    44
Dodge: Dodged            |     9 |    60 |    30 ||    99

Table legend: (Time is in decaauts)
 A = Elapsed time spent in this place.
 B = Non-inter-level travel time spent in this place.
 C = Inter-level travel time spent in this place.
 D = Time resting spent in this place.
 E = Time spent auto-exploring this place.
 F = Levels seen in this place.
 G = Mean time per level.
                   A        B        C        D        E       F      G
               +--------+--------+--------+--------+--------+-----+--------+
         Total |   6447 |   6354 |     93 |   1806 |   3829 |   7 |  921.0 |
       Dungeon |   6445 |   6352 |     93 |   1806 |   3829 |   6 | 1074.2 |
        Temple |      1 |      1 |      0 |      0 |      0 |   1 |    1.0 |
               +--------+--------+--------+--------+--------+-----+--------+

Top non-repeatable levels by time:
     D:1: 1450 daAuts
     D:5: 1391 daAuts
     D:3: 1233 daAuts
     D:4: 1030 daAuts
     D:2: 1022 daAuts
     D:6: 317 daAuts
  Temple: 1 daAuts
